 Dungeon Crawl Stone Soup version 0.19-a0-1704-gbd66c22 (webtiles) character file.

788 rgaf the Cudgeler (level 7, -2/56 HPs)
             Began as a Mummy Fighter on Sept 27, 2016.
             Slain by Duvessa
             ... wielding a +0 short sword
              (5 damage)
             ... on level 4 of the Dungeon.
             The game lasted 00:06:33 (5074 turns).

rgaf the Cudgeler (Mummy Fighter)                   Turns: 5074, Time: 00:06:34

Health: -2/56      AC: 10    Str: 20    XL:     7   Next: 56%
Magic:  7/7        EV:  7    Int:  7    God:
Gold:   264        SH:  9    Dex: 13    Spells: 0 memorised, 6 levels left

rFire  x . .     SeeInvis .     a - +0 flail
rCold  + . .     Gourm    .     b - +0 scale mail
rNeg   + + +     Faith    .     c - +0 shield
rPois  ∞         Spirit   .     (no helmet)
rElec  .         Dismiss  .     n - +1 cloak
rCorr  .         Reflect  .     (no gloves)
MR     .....     Harm     .     (no boots)
Stlth  ..........               (no amulet)
                                (no ring)
                                l - ring of wizardry

@: no status effects
A: no food or potions, fire vulnerability, cold resistance 1, negative energy
resistance 3, torment resistance, unbreathing
a: no special abilities


You were on level 4 of the Dungeon.
You were not hungry.

You visited 1 branch of the dungeon, and saw 4 of its levels.

You collected 264 gold pieces.

Inventory:

Hand Weapons
 a - a +0 flail (weapon)
 p - a -2 flail
Armour
 b - a +0 scale mail (worn)
 c - a +0 shield (worn)
 n - a +1 cloak (worn)
Jewellery
 h - an uncursed amulet of harm
 l - a ring of wizardry (left hand)
 q - an uncursed amulet of guardian spirit {unknown}
Scrolls
 d - 2 scrolls of remove curse
 e - a scroll of fog {unknown}
 f - 2 scrolls of enchant armour {unknown}
 g - a scroll of teleportation {unknown}
 i - 3 scrolls of recharging
 j - a scroll of amnesia {unknown}
 k - 4 scrolls of identify
 m - a scroll of enchant weapon {unknown}
 o - a scroll of blinking {unknown}
 r - a scroll of magic mapping {unknown}


   Skills:
 + Level 5.0 Fighting
 * Level 5.3 Maces & Flails
 + Level 4.2 Armour
 - Level 2.4 Shields


You had 6 spell levels left.
You didn't know any spells.

Dungeon Overview and Level Annotations

Branches:
Dungeon (4/15)
 Temple: D:4-7

Altars:

Annotations:
D:4 Duvessa


Innate Abilities, Weirdness & Mutations

You do not eat or drink.
Your flesh is vulnerable to fire.
You are immune to poison.
Your flesh is cold resistant. (rC+)
You are immune to negative energy. (rN+++)
You are immune to unholy pain and torment.
You can survive without breathing.


Message History

* * * LOW HITPOINT WARNING * * *
You hit Duvessa but do no damage.
Duvessa is severely wounded.
Duvessa closely misses you.
You hit Duvessa but do no damage.
Duvessa is severely wounded.
You block Duvessa's attack. Duvessa hits you but does no damage.
You hit Duvessa.
Duvessa is severely wounded.
Duvessa hits you but does no damage.
You hit Duvessa.
Duvessa is severely wounded.
Duvessa hits you but does no damage.
You barely miss Duvessa.
Duvessa is severely wounded.
You block Duvessa's attack.
You sock Duvessa!
Duvessa is almost dead.
Duvessa hits you with a short sword.
You die...

.........##......................
.........##......................
.........##......................
.........##.......######.........
.........##....%..# ##........
.##########.......# #........ .#
#.......# ####........ .#
#.....e.# #........... .#
#######.....@.# #........... .#
#.......).....####........... .#
#................#...........
.####.........###.##.#.......####
...##..............#.#.....#†##
...##..........##..#.#.....#..#
...##..........#<..#.#.....##.##
...##.....####.#.###.'.....##..#
.####.....# #.#..####.....##..#


You could see Duvessa.

Vanquished Creatures
  The ghost of veccon the Poker, an amateur MiFi (D:3)
  2 big kobolds
  Dowan (D:4)
  A howler monkey (D:4)
  An orc priest (D:3)
  A centaur skeleton (D:4)
  An iguana (D:4)
  3 worker ants (D:4)
  A hound skeleton (D:4)
  6 gnolls (D:3)
  6 adders
  An ooze (D:1)
  2 worms
  3 dart slugs
  3 leopard geckos
  5 orcs
  5 giant cockroaches
  29 goblins
  30 hobgoblins
  3 jackals (D:1)
  6 kobolds
  A ball python (D:1)
  3 bats
  2 frilled lizards (D:2)
  A jackal skeleton (D:4)
  4 rats
122 creatures vanquished.

Notes
Turn   | Place    | Note
-------+----------+-------------------------------------------
     0 | D:1      | rgaf the Mummy Fighter began the quest for the Orb.
     0 | D:1      | Reached XP level 1. HP: 18/18 MP: 1/1
     3 | D:1      | Noticed an electric eel
     3 | D:1      | Noticed an electric eel
   148 | D:1      | Reached XP level 2. HP: 17/24 MP: 2/2
   621 | D:1      | Reached XP level 3. HP: 17/29 MP: 3/3
  1586 | D:3      | Reached XP level 4. HP: 35/35 MP: 4/4
  1856 | D:3      | Noticed veccon's ghost (amateur MiFi)
  2776 | D:3      | Reached XP level 5. HP: 26/41 MP: 5/5
  3148 | D:2      | Reached XP level 6. HP: 21/48 MP: 6/6
  3410 | D:3      | Killed veccon's ghost
  4043 | D:3      | Reached XP level 7. HP: 50/55 MP: 7/7
  4482 | D:4      | Reached skill level 5 in Maces & Flails
  4594 | D:4      | Noticed Dowan
  4619 | D:4      | Killed Dowan
  4619 | D:4      | Reached skill level 5 in Fighting
  4744 | D:4      | Noticed Duvessa
  5068 | D:4      | HP: 2/56 [Duvessa/short sword (2)]
  5074 | D:4      | Slain by Duvessa

Vault maps used:
D:1:      arrival_aquarium_b, minivault_19
D:3:      minmay_goblin_kobold_castle
D:4:      uniq_duvessa

Skill      XL: |  1  2  3  4  5  6  7 |
---------------+----------------------+-----
Maces & Flails | 2 3 4 5 |  5.3
Armour         | 3 4 |  4.2
Fighting       | 4 5 |  5.0
Shields        | |  2.4

Action                   |  1- 3 |  4- 6 |  7- 9 || total
-------------------------+-------+-------+-------++-------
Melee: Flail             |   153 |   279 |   126 ||   558
  Use: Scroll            |       |     2 |       ||     2
Armor: Scale mail        |    81 |   150 |    51 ||   282
Dodge: Dodged            |    50 |    80 |    42 ||   172
Block: Shield            |    74 |   160 |    52 ||   286
